 Dungeon Crawl Stone Soup version 0.18.1-5-g4a78601 (console) character file.

238 MenacingMecha the Sneak (level 5, -2/25 HPs)
             Began as a Spriggan Assassin on May 11, 2016.
             Slain by Prince Ribbit (11 damage)
             ... on level 8 of the Dungeon on May 12, 2016.
             The game lasted 00:04:34 (1230 turns).

MenacingMecha the Sneak (Spriggan Assassin)         Turns: 1230, Time: 00:04:35

Health: -2/25      AC:  3    Str:  7    XL:     5   Next: 78%
Magic:  6/6        EV: 24    Int: 12    God:
Gold:   64         SH:  0    Dex: 19    Spells: 0 memorised, 4 levels left

rFire  . . .     SeeInvis +     a - +2 dagger
rCold  . . .     Gourm    .     c - +0 robe
rNeg   . . .     Faith    .     (shield restricted)
rPois  .         Spirit   .     (helmet restricted)
rElec  .         Dismiss  .     d - +0 cloak
rCorr  .         Reflect  .     (gloves unavailable)
SustAt .         Harm     .     (boots unavailable)
MR     .....                    (no amulet)
Stlth  ++++......               (no ring)
                                (no ring)

@: very quick, not resistant to hostile enchantments, stealthy
A: unfitting armour, see invisible, herbivore 3, speed 3, slow metabolism 2
a: no special abilities


You were on level 8 of the Dungeon.
You were not hungry.

You visited 1 branch of the dungeon, and saw 9 of its levels.

You collected 64 gold pieces.

Inventory:

Hand Weapons
 a - a +2 dagger (weapon)
 b - a +0 blowgun
Missiles
 e - 8 poisoned needles
 f - 2 curare-tipped needles
Armour
 c - a +0 robe (worn)
 d - a +0 cloak (worn)
Jewellery
 n - a +4 ring of evasion {unknown}
 o - a cursed ring of teleportation {unknown}
Wands
 p - a wand of paralysis (20/24)
Scrolls
 h - a scroll of teleportation {unknown}
 m - a scroll of identify {unknown}
Potions
 i - a potion of degeneration {unknown}
 j - 2 potions of agility {unknown}
Books
 l - a book of Dreams

   Spells                             Type                      Level
   a - Ensorcelled Hibernation        Hexes/Ice                    2
   b - Silence                        Hexes/Air                    5
   c - Darkness                       Hexes                        6
   d - Shadow Creatures               Summoning                    6
Comestibles
 g - a bread ration
 k - 5 fruits


   Skills:
 - Level 1.6 Fighting
 - Level 2.2 Short Blades
 - Level 2.0 Throwing
 - Level 7.3 Dodging
 + Level 7.3 Stealth


You had 4 spell levels left.
You didn't know any spells.

Dungeon Overview and Level Annotations

Branches:
Dungeon (9/15)
 Temple: D:4-7         Lair: D:8-11         Orc: D:9-12

Altars:
Trog

Annotations:
D:3 Natasha
D:5 Eustachio
D:8 Prince Ribbit


Innate Abilities, Weirdness & Mutations

You are tiny and cannot use many weapons and most armour.
You have supernaturally acute eyesight.
You are a herbivore.
You cover ground extremely quickly.
You need consume almost no food.


Message History

A hound comes into view.
The hound barks!
The worker ant twitches its antennae in your direction.
An orc comes into view. It is wielding a falchion.
There is a stone staircase leading up here.
You climb upwards.
There is a stone staircase leading down here.
You open the door.
A centaur skeleton comes into view.
The centaur skeleton moves out of view.
There is an open door here.
You open the door.
There is an open door here.
Prince Ribbit comes into view.
Prince Ribbit gives a loud, deep croak!
Prince Ribbit closely misses you. Prince Ribbit hits you!
Ouch! That really hurt!
Prince Ribbit hits you!
You die...

#.#.....#+#.#####.##...##.#
#.#.......................
#.##....#..######..##..##.#
#..'.Z.........(.......<...
####....#..#######..####.#.
###.............O.......
###..#########.####.#
#...............#
#.##@.###.....#.#
####.#F......?.O.#.#
####....#.####.....<#.#
####.......#....#.##+#.#.#
#.........#####.#. ....#
#.........'.....# .....#
#.........####### ......#
########### #......#
#......[


You could see Prince Ribbit and a centaur skeleton (wandering).

Vanquished Creatures
  A wyvern (D:9)
  A giant frog (D:9)
  An adder (D:7)
  2 worms
  3 giant geckos
  3 bats (D:1)
  A goblin (D:2)
  A kobold (D:2)
  2 rats (D:2)
15 creatures vanquished.

Notes
Turn   | Place    | Note
--------------------------------------------------------------
     0 | D:1      | MenacingMecha the Spriggan Assassin began the quest for the Orb.
     0 | D:1      | Reached XP level 1. HP: 10/10 MP: 2/2
    99 | D:2      | Reached XP level 2. HP: 14/14 MP: 3/3
   136 | D:2      | Noticed Natasha
   487 | D:5      | Entered Level 5 of the Dungeon
   487 | D:5      | Noticed Eustachio
   943 | D:7      | Noticed a centaur
   992 | D:6      | Reached XP level 3. HP: 18/18 MP: 4/4
  1127 | D:6      | Found a bloodstained altar of Trog.
  1127 | D:6      | Noticed a black bear
  1134 | D:6      | Noticed a black bear
  1141 | D:8      | Noticed a two-headed ogre
  1165 | D:9      | Noticed a wyvern
  1166 | D:9      | Noticed a giant frog
  1168 | D:9      | Killed a wyvern
  1168 | D:9      | Reached XP level 4. HP: 22/22 MP: 5/5
  1168 | D:9      | Reached XP level 5. HP: 25/25 MP: 6/6
  1169 | D:9      | Noticed an ogre
  1227 | D:8      | Noticed Prince Ribbit
  1230 | D:8      | Slain by Prince Ribbit

Skill      XL: |  1  2  3  4  5 |
---------------+----------------+-----
Stealth        | 6 7 |  7.3
Dodging        | 6 7 |  7.3
Fighting       | |  1.6
Short Blades   | |  2.2
Throwing       | |  2.0

Action                   |  1- 3 |  4- 6 || total
-------------------------+-------+-------++-------
Melee: Dagger            |    30 |     2 ||    32
 Stab: Sleeping          |     9 |     1 ||    10
Armor: Robe              |     1 |       ||     1
Dodge: Dodged            |    15 |     1 ||    16
